Map: Oxide LE

Players

A.I. 2 (Elite)

  • Race: Protoss Protoss
  • Spawn Location: 7:00

PaRaGoNPasT - Winner!

  • Race: Zerg Zerg
  • League: Master
  • Spawn Location: 1:00

VOD

Have the link to the VOD?

Description

Time

  • Played on: Jan. 13, 2021, 11:50 a.m.
  • Length: 8:12
Show
View Real Time Build Order
Export as new Build Order

A.I. 2 (Elite) Protoss 

Build Orders: Zealot Archon 

Get SALT Encoding   

  12  0:00  Probe  
  13  0:13  Probe  
  14  0:19  Pylon  
  14  0:25  Probe  
  15  0:33  Probe  
  15  0:41  Probe  
  16  0:47  Assimilator  
  16  0:49  Gateway  
  17  0:51  Probe  
  18  0:59  Pylon  
  18  1:00  Probe  
  19  1:08  Probe  
  19  1:18  Probe  
  21  1:35  Gateway  
  21  1:36  Probe  
  21  1:37  Zealot  
  24  1:42  Cybernetics Core  
  24  1:46  Pylon  
  24  1:49  Probe  
  25  1:56  Zealot  
  25  2:01  Probe  
  26  2:08  Warp Gate  
  28  2:10  Assimilator  
  28  2:13  Probe  
  29  2:21  Adept  
  29  2:23  Adept  
  29  2:25  Probe  
  33  2:37  Probe, Pylon  
  34  2:49  Probe  
  34  2:51  Adept  
  35  2:54  Sentry  
  39  3:01  Probe  
  40  3:13  Probe  
  40  3:15  Nexus  
  41  3:25  Probe, Stalker  
  44  3:37  Probe  
  45  3:41  Stargate  
  45  3:50  Probe  
  46  4:02  Probe  
  47  4:03  Pylon  
  47  4:17  Probe  
  47  4:22  Adept  
  50  4:26  Stargate  
  50  4:27  Probe x2  
  52  4:34  Void Ray  
  52  4:39  Probe  
  52  4:40  Probe  
  58  4:48  Zealot  
  58  4:51  Probe  
  58  4:52  Probe  
  62  4:53  Pylon  
  62  4:58  Void Ray  
  62  5:03  Probe  
  62  5:04  Probe  
  64  5:11  Void Ray  
  64  5:12  Probe  
  68  5:16  Probe  
  68  5:18  Adept  
  68  5:19  Pylon  
  76  5:22  Adept  
  78  5:39  Pylon  
  78  5:41  Twilight Council  
  78  5:48  Probe, Assimilator  
  78  5:49  Probe  
  80  5:53  Assimilator  
  80  6:00  Gateway, Probe  
  81  6:10  Probe  
  82  6:12  Probe  
  82  6:15  Pylon  
  83  6:18  Probe  
  83  6:22  Templar Archives  
  83  6:24  Probe  
  85  6:26  Probe  
  86  6:35  Stalker, Nexus  
  88  6:40  Stalker  
  88  6:42  Pylon  
  90  6:55  Stalker  
  90  6:58  High Templar, Forge  
  90  7:00  Forge  
  94  7:03  Stalker  
  94  7:06  Pylon  
  96  7:18  High Templar  
  96  7:19  Pylon  
  98  7:24  Pylon  
  98  7:26  Stalker  
  100  7:31  Sentry  
  102  7:37  Photon Cannon, Archon  
  102  7:40  Photon Cannon  
  102  7:41  Zealot  
  102  7:43  Photon Cannon  
  90  7:48  Probe x3  
  90  7:50  Zealot  
  75  7:52  Zealot  
  75  7:55  High Templar  
  75  7:56  Stalker, High Templar  
  75  7:57  Zealot  
Show
View Real Time Build Order
Export as new Build Order

PaRaGoNPasT Zerg - Winner!

Build Orders: Hatch First 

Get SALT Encoding   

  12  0:00  Drone  
  13  0:13  Overlord  
  13  0:17  Drone  
  14  0:31  Drone  
  14  0:32  Drone  
  16  0:49  Hatchery  
  15  0:53  Drone  
  15  0:56  Drone  
  17  0:59  Drone  
  18  1:10  Extractor  
  17  1:15  Spawning Pool  
  17  1:18  Drone  
  17  1:21  Drone  
  18  1:28  Drone  
  19  1:40  Overlord  
  19  1:56  Drone  
  20  2:01  Queen  
  20  2:02  Queen  
  20  2:03  Zergling x4  
  26  2:10  Metabolic Boost  
  26  2:13  Drone  
  27  2:15  Drone  
  28  2:35  Drone, Hatchery  
  28  2:38  Drone  
  28  2:40  Drone  
  28  2:43  Drone  
  31  2:46  Drone  
  32  2:53  Queen  
  32  2:58  Overlord  
  34  3:02  Drone x2  
  36  3:19  Drone x5  
  41  3:21  Drone  
  41  3:25  Overlord  
  42  3:28  Queen  
  42  3:33  Overlord  
  44  3:37  Spore Crawler  
  44  3:38  Spore Crawler  
  44  3:39  Drone x2  
  44  3:47  Drone  
  44  3:48  Drone x3  
  46  3:49  Drone x2  
  46  3:55  Lair  
  50  3:56  Drone  
  50  3:58  Drone  
  50  4:00  Drone  
  50  4:01  Drone  
  54  4:04  Drone  
  54  4:08  Drone  
  54  4:09  Spore Crawler  
  55  4:12  Queen  
  55  4:14  Drone  
  59  4:17  Drone  
  59  4:18  Drone  
  59  4:20  Overlord  
  59  4:23  Drone  
  59  4:24  Drone x2  
  62  4:26  Drone  
  62  4:30  Extractor  
  63  4:32  Extractor  
  63  4:33  Extractor x2, Overlord  
  63  4:34  Drone x2  
  62  4:46  Overlord  
  62  4:47  Drone x4  
  62  4:48  Drone x2  
  68  5:02  Baneling Nest, Hydralisk Den  
  68  5:03  Evolution Chamber x2  
  64  5:07  Overlord x3  
  64  5:08  Overlord  
  64  5:30  Zerg Melee Weapons Level 1, Zerg Missile Weapons Level 1  
  64  5:32  Muscular Augments  
  64  5:40  Hydralisk  
  64  5:41  Hydralisk x3  
  72  5:45  Centrifical Hooks  
  72  5:46  Zergling x12  
  72  5:47  Zergling x10  
  83  5:51  Hydralisk  
  83  5:55  Hydralisk  
  83  5:56  Hydralisk  
  87  5:59  Hydralisk  
  87  6:01  Overlord  
  91  6:07  Hydralisk x2  
  91  6:11  Hydralisk  
  95  6:13  Hydralisk  
  99  6:21  Hydralisk  
  99  6:23  Hydralisk x2  
  99  6:24  Overlord  
  105  6:27  Hydralisk  
  105  6:31  Hydralisk  
  109  6:36  Overlord x2  
  109  6:41  Hydralisk x2  
  109  6:46  Grooved Spines  
  113  6:49  Hydralisk  
  115  6:55  Hydralisk  
  115  6:56  Zergling x2  
  115  6:57  Zergling x8  
  115  6:59  Zergling x2  
  123  7:03  Zergling x2  
  124  7:11  Baneling x10  
  124  7:13  Baneling  
  124  7:15  Zergling x8  
  125  7:16  Zergling x2  
  125  7:17  Zergling x2  
  125  7:18  Zergling x2  
  125  7:20  Zergling x2  
  125  7:21  Zergling x2  
  132  7:43  Hydralisk x5  
  136  7:46  Zergling x2  
  136  7:50  Zergling x2  
  126  7:54  Zergling x2  
  126  7:55  Zergling x4  
Tags
 
Composition
Zealot Archon
League
Master
Matchup
PvZ
Spawn Locations
Cross Positions
Add a new tag
Caveats
  • Supply blocks, unpowered buildings, or Contaminate may cause inaccurate times.
  • Supply counts are checked every 10 seconds.